 Dungeon Crawl Stone Soup version 0.24.0-123-gd5b16e6ec5 (webtiles) character file.

Game seed: 18098118270979793320, levelgen mode: deterministic

4571 FishyPogo the Stinger (level 10, -10/74 (75) HPs)
             Began as a Naga Fire Elementalist on Dec 22, 2019.
             Was an Elder of Vehumet.
             Mangled by Harold
             ... wielding a cursed +0 war axe
              (13 damage)
             ... on level 8 of the Dungeon.
             The game lasted 00:41:06 (7156 turns).

FishyPogo the Stinger (Naga Fire Elementalist)      Turns: 7156, Time: 00:41:07

HP:   -10/74 (75)   AC:  8    Str: 10    XL:     10   Next: 41%
MP:   7/20          EV: 14    Int: 17    God:    Vehumet [****..]
Gold: 414           SH:  0    Dex: 17    Spells: 2/23 levels left

rFire    . . .     SeeInvis +   a - +3 dagger (speed)
rCold    . . .     Gourm    .   (no shield)
rNeg     . . .     Faith    .   v - +2 robe {MR+}
rPois    +         Spirit   .   (no helmet)
rElec    .         Reflect  .   l - +1 cloak {+Inv}
rCorr    .         Harm     +   (no gloves)
MR       ++...                  (no barding)
Stlth    +++.......             k - amulet of harm
HPRegen  0.22/turn              u - +3 ring of dexterity
MPRegen  0.17/turn              I - ring of flight

@: short of breath, very slow
A: large, see invisible, deformed body, poison resistance, slowness 2, slow
metabolism 1, spit poison 1, AC +3
a: Spit Poison, Renounce Religion, Evoke Invisibility, Evoke Flight


You were on level 8 of the Dungeon.
You worshipped Vehumet.
Vehumet was greatly pleased with you.
You were hungry.

You visited 1 branch of the dungeon, and saw 8 of its levels.

You collected 414 gold pieces.

Inventory:

Hand Weapons
 a - a +3 dagger of speed (weapon)
Missiles
 j - 189 stones
 q - 19 poisoned darts
 w - 12 boomerangs (quivered)
 K - 5 javelins
Armour
 l - a +1 cloak of invisibility (worn)
 v - a +2 robe of magic resistance (worn)
Jewellery
 k - an amulet of harm (around neck)
 u - a +3 ring of dexterity (left hand)
 I - a ring of flight (right hand)
Wands
 f - a wand of digging (5)
 x - a wand of flame (14)
 B - a wand of acid (11)
 C - a wand of enslavement (10)
Scrolls
 b - 5 scrolls of teleportation {unknown}
 g - 8 scrolls of remove curse {unknown}
 h - 2 scrolls of amnesia {unknown}
 i - 6 scrolls of enchant weapon
 o - 7 scrolls of identify {unknown}
 p - a scroll of noise {unknown}
 s - a scroll of fear
 t - a scroll of blinking {unknown}
 y - a scroll of immolation {unknown}
 z - a scroll of magic mapping {unknown}
 A - a scroll of enchant armour {unknown}
Potions
 d - 3 potions of heal wounds
 e - 7 potions of curing {unknown}
 m - 3 potions of lignification
 n - a potion of degeneration {unknown}
 r - 7 potions of flight {unknown}
 D - a potion of ambrosia {unknown}
 F - 2 potions of magic
 G - a potion of invisibility {unknown}
 H - a potion of might {unknown}
 J - a potion of brilliance {unknown}
Comestibles
 c - 13 rations


   Skills:
 - Level 3.1 Short Blades
 + Level 6.2 Dodging
 - Level 4.0 Stealth
 + Level 7.1 Spellcasting
 - Level 6.0 Conjurations
 - Level 6.0 Fire Magic
 + Level 7.8 Poison Magic


You had 2 spell levels left.
You knew the following spells:

 Your Spells              Type           Power        Failure   Level  Hunger
a - Flame Tongue          Conj/Fire      ####.        1%          1    None
b - Sting                 Conj/Pois      ####         1%          1    None
c - Magic Dart            Conj           ####         1%          1    None
d - Throw Frost           Conj/Ice       ###...       1%          2    None
e - Force Lance           Conj/Tloc      ###.....     9%          4    ####...
f - Throw Flame           Conj/Fire      ####..       1%          2    None
j - Conjure Flame         Conj/Fire      ####....     1%          3    ##.....
p - Sticky Flame          Conj/Fire      ####....     2%          4    ####...
u - Spider Form           Tmut/Pois      ###.......   7%          3    ##.....

Your spell library contained the following spells:

 Spells                   Type           Power        Failure   Level  Hunger
 Beastly Appendage        Tmut           #.....       12%         1    None
 Sticks to Snakes         Tmut           #.......     17%         2    None
 Inner Flame              Hex/Fire       ###.....     2%          3    ##.....
 Fireball                 Conj/Fire      ####......   7%          5    #####..
 Ice Form                 Ice/Tmut       #.......     75%         4    ####...
 Blade Hands              Tmut           #.........   97%         5    #####..


Dungeon Overview and Level Annotations

Branches:
Dungeon (8/15)             Temple (0/1) D:6
   Lair: D:8-11

Altars:
Ashenzari
Cheibriados
Dithmenos
Kikubaaqudgha
Makhleb
Okawaru
Ru
Sif Muna
Trog
Vehumet
Wu Jian
Xom
The Shining One

Annotations:
D:8 Harold


Innate Abilities, Weirdness & Mutations

You cannot wear boots.
Your serpentine skin is tough. (AC +3)
You have supernaturally acute eyesight. (SInv)
Armour fits poorly on your strangely shaped body.
Your system is resistant to poisons. (rPois)
You cover ground very slowly.
You have a slow metabolism.
You can spit poison.


Message History

You have got your breath back.
Harold hits you with a cursed +0 war axe!
* * * LOW HITPOINT WARNING * * *
Casting: Flame Tongue (safe; 1% risk of failure)
Confirm with . or Enter, or press ? or * to list all spells.
Aiming: Flame Tongue (safe; 1% risk of failure)
Press: ? - help, Shift-Dir - straight line, f/p - Harold
Aim: Harold, wielding a +0 war axe, wearing a +0 chain mail and carrying a wand of polymorph (6) (almost dead, fast, poisoned)
The flame tongue hits Harold but does no damage.
Harold is almost dead.
Harold hits you with a cursed +0 war axe.
* * * LOW HITPOINT WARNING * * *
Press: ? - help, Shift-Dir - straight line, f/p - Harold
Aim: Harold, wielding a +0 war axe, wearing a +0 chain mail and carrying a wand of polymorph (6) (almost dead, fast, poisoned)
The splash of poison hits Harold but does no damage.
Harold looks as sick as possible!
Harold is almost dead.
You feel slightly more hungry. Harold misses you.
Harold hits you with a cursed +0 war axe!
You die...

####...###..#
#.....## #..#
#....## #..#
##..## ##.#
#(.# ##.#
#..# #..#
#..# #..#
#†.# #..##
### #.@#
##..## ##.#
#..@#
##<<###.##
#...#
##)...##
.....# ##...#
.....## #####
####.# ##


You could see Harold.

Vanquished Creatures
  A two-headed ogre (D:5)
  Prince Ribbit (D:7)
  Sigmund (D:4)
  2 orc warriors (D:7)
  4 black bears
  3 ice beasts
  A phantom (D:5)
  A necrophage (D:6)
  A sky beast (D:5)
  4 ogres
  4 centaurs
  Blork the orc (D:5)
  A gnoll sergeant (D:6)
  A wyvern skeleton (D:7)
  3 crimson imps
  A centaur zombie (D:8)
  A quasit (D:6)
  8 orc priests
  6 hounds
  3 jellies (D:7)
  A bullfrog skeleton (D:4)
  Crazy Yiuf (D:2)
  11 orc wizards
  An iron imp (D:6)
  2 iguanas
  Ijyb (D:4)
  5 worker ants
  A hound zombie (D:7)
  A hound skeleton (D:6)
  A howler monkey zombie (D:7)
  7 gnolls
  15 adders
  2 shadow imps
  A worm (D:2)
  2 dart slugs
  5 leopard geckos
  32 orcs
  10 bats
  3 giant cockroaches
  4 goblins
  7 hobgoblins
  13 jackals
  5 kobolds
  7 quokkas
  8 ball pythons
  11 frilled lizards
  A goblin zombie (D:6)
  3 hobgoblin zombies (D:6)
  2 kobold skeletons (D:6)
  A kobold zombie (D:6)
  A leopard gecko skeleton (D:6)
  2 leopard gecko zombies
  An orc skeleton (D:6)
  9 rats
  A fungus (D:2)
226 creatures vanquished.

Notes
Turn   | Place    | Note
-------+----------+-------------------------------------------
     0 | D:1      | FishyPogo the Naga Fire Elementalist began the quest for
                  | the Orb.
     0 | D:1      | Reached XP level 1. HP: 15/15 MP: 3/3
   241 | D:1      | Reached XP level 2. HP: 22/22 MP: 1/5
   282 | D:1      | Learned a level 2 spell: Throw Flame
   477 | D:1      | Reached XP level 3. HP: 28/28 MP: 4/6
   736 | D:2      | Reached skill level 1 in Short Blades
  1133 | D:2      | Reached XP level 4. HP: 31/36 MP: 5/8
  1138 | D:2      | Learned a level 3 spell: Conjure Flame
  1427 | D:2      | Found a radiant altar of Vehumet.
  1436 | D:2      | Became a worshipper of Vehumet
  1632 | D:2      | Found a runed translucent door.
  1633 | D:2      | Noticed Crazy Yiuf
  1640 | D:2      | Killed Crazy Yiuf
  1711 | D:3      | Found a faded altar of an unknown god.
  1834 | D:3      | Reached XP level 5. HP: 32/42 MP: 9/9
  2106 | D:3      | Learned a level 3 spell: Spider Form
  2109 | D:3      | Found an ornate altar of the Wu Jian Council.
  2167 | D:3      | Reached skill level 1 in Poison Magic
  2184 | D:3      | Reached XP level 6. HP: 35/49 MP: 1/10
  2312 | D:3      | Found a sacrificial altar of Ru.
  2397 | D:3      | Reached * piety under Vehumet
  2397 | D:3      | Offered knowledge of Magic Dart by Vehumet.
  2400 | D:3      | Learned a level 1 spell: Magic Dart
  3256 | D:4      | Found an ancient bone altar of Kikubaaqudgha.
  3256 | D:4      | Found a faded altar of an unknown god.
  3261 | D:4      | Found a shimmering altar of Xom.
  3263 | D:4      | Found a shimmering blue altar of Sif Muna.
  3265 | D:4      | Found an iron altar of Okawaru.
  3301 | D:4      | Reached XP level 7. HP: 44/55 MP: 10/12
  3381 | D:4      | Noticed Sigmund
  3394 | D:4      | Killed Sigmund
  3421 | D:4      | Learned a level 4 spell: Sticky Flame
  4073 | D:4      | Noticed Ijyb
  4081 | D:4      | Killed Ijyb
  4081 | D:4      | Reached XP level 8. HP: 62/62 MP: 7/14
  4353 | D:5      | Entered Level 5 of the Dungeon
  4363 | D:5      | Reached ** piety under Vehumet
  4454 | D:5      | Offered knowledge of Sting by Vehumet.
  4457 | D:5      | Learned a level 1 spell: Sting
  4494 | D:5      | Reached skill level 5 in Poison Magic
  4515 | D:5      | Noticed a two-headed ogre
  4529 | D:5      | Killed a two-headed ogre
  4529 | D:5      | Reached skill level 5 in Spellcasting
  4529 | D:5      | Reached skill level 5 in Conjurations
  4529 | D:5      | Reached skill level 5 in Fire Magic
  4529 | D:5      | Reached XP level 9. HP: 23/68 MP: 8/17
  4744 | D:5      | Found an iron altar of Okawaru.
  4808 | D:5      | Noticed Blork the orc
  4833 | D:5      | Killed Blork the orc
  5211 | D:6      | Found a staircase to the Ecumenical Temple.
  5238 | D:6      | Reached skill level 5 in Dodging
  5386 | D:6      | Found a burning altar of Makhleb.
  5483 | D:6      | Offered knowledge of Throw Frost by Vehumet.
  5487 | D:6      | Learned a level 2 spell: Throw Frost
  5558 | D:6      | Found a glowing golden altar of the Shining One.
  5746 | D:6      | Found a shadowy altar of Dithmenos.
  5775 | D:6      | Reached *** piety under Vehumet
  5825 | D:6      | Found a shattered altar of Ashenzari.
  6066 | D:7      | Noticed Prince Ribbit
  6080 | D:7      | Killed Prince Ribbit
  6089 | D:7      | Found a snail-covered altar of Cheibriados.
  6250 | D:7      | Offered knowledge of Force Lance by Vehumet.
  6261 | D:7      | Reached XP level 10. HP: 59/74 MP: 15/19
  6406 | D:7      | Found a bloodstained altar of Trog.
  6717 | D:7      | Reached **** piety under Vehumet
  7141 | D:8      | Noticed Harold
  7143 | D:8      | Learned a level 4 spell: Force Lance
  7154 | D:8      | HP: 3/74 [Harold/cursed +0 war axe (16)]
  7156 | D:8      | Mangled by Harold

Levels and vault maps discovered:
D:1:      lightli_arrival_maybe_door_vault, layout_basic
D:2:      layout_basic, lemuel_coloured_pillars_altar, uniq_crazy_yiuf_cottage
D:3:      layout_loops_ring, old_standard_altar,
          nicolae_ru_sacrificial_ziggurat, chequers_ecumenical_altar_simple,
          chequers_serial_rivers_large_b, minmay_snake_closets
D:4:      layout_layer_cave, chequers_temple_overflow_minitemple, first_ration,
          uniq_sigmund, uniq_ijyb
D:5:      layout_rooms, nrook_uturn, hangedman_decor_peaks_small,
          okawaru_gym_becter, uniq_blork_the_orc
D:6:      layout_loops_ring, nicolae_tso_besieged_by_evil, marbit_many_paths,
          makhleb_blood_cavern_becter, minmay_temple_entry_arrows,
          nicolae_dithmenos_through_a_glass_darkly
D:7:      layout_basic, nicolae_overflow_crystal_walls, trog_ov_bears_minmay,
          serial_rivers, chequers_serial_rivers_micro_d,
          chequers_serial_rivers_small_b, chequers_serial_rivers_small_3,
          chequers_serial_rivers_micro_c, uniq_prince_ribbit1
D:8:      layout_layer_cave, overflow_temple_1_default, david_lair_generic,
          serial_shops, shop, uniq_harold, uniq_gastronok

Skill      XL: |  1  2  3  4  5  6  7  8  9 10 |
---------------+-------------------------------+-----
Short Blades   | 1 2 3 |  3.1
Conjurations   | 2 3 5 6 |  6.0
Dodging        | 2 3 4 5 6 |  6.2
Spellcasting   | 3 4 5 6 7 |  7.1
Poison Magic   | 1 3 4 5 6 7 |  7.8
Fire Magic     | 4 5 6 |  6.0
Stealth        | 4 |  4.0

Action                   |  1- 3 |  4- 6 |  7- 9 | 10-12 || total
-------------------------+-------+-------+-------+-------++-------
Melee: Dagger            |    14 |   125 |   163 |    46 ||   348
       Unarmed           |       |       |     7 |       ||     7
Throw: Stone             |     1 |     1 |       |       ||     2
       Boomerang         |       |       |     6 |     1 ||     7
 Cast: Flame Tongue      |    26 |    57 |    84 |    47 ||   214
       Throw Flame       |     5 |    18 |     2 |     3 ||    28
       Magic Dart        |       |     7 |    22 |     1 ||    30
       Sticky Flame      |       |       |     9 |       ||     9
       Spider Form       |       |       |     1 |       ||     1
       Sting             |       |       |    52 |    35 ||    87
       Conjure Flame     |       |       |       |     1 ||     1
 Abil: Spit Poison       |    21 |    44 |    54 |    16 ||   135
  Use: Potion            |       |     2 |     2 |       ||     4
       Scroll            |       |     2 |       |       ||     2
 Stab: Sleeping          |       |     4 |     6 |     6 ||    16
       Distracted        |       |     1 |       |       ||     1
  Eat: Chunk             |     2 |    10 |    13 |     3 ||    28
Armor: Robe              |     3 |    23 |    60 |    12 ||    98
       Skin              |       |       |     8 |       ||     8
Dodge: Dodged            |     9 |    41 |   127 |    36 ||   213
